 Dungeon Crawl Stone Soup version 0.30-a0-557-ge2afbf3030 (webtiles) character file.

Game seed: 6727523020110097830

177828 Pooter the Severer (level 17, -7/159 HPs)
             Began as a Minotaur Hunter on Dec 26, 2022.
             Was a Priest of Okawaru.
             Killed themself with a badly aimed burst of rock shards (12 damage)
             ... on level 4 of the Spider Nest on Dec 27, 2022.
             The game lasted 03:21:31 (47113 turns).

Pooter the Severer (Minotaur Hunter)               Turns: 47113, Time: 03:21:32

Health: -7/159     AC:  9    Str: 28    XL:     17   Next: 55%
Magic:  21/23      EV: 17    Int:  8    God:    Okawaru [***...]
Gold:   2531       SH:  5    Dex: 18    Spells: 16/16 levels left

rFire   . . .      SeeInvis +    a - +3 battleaxe (flame)
rCold   x . .      Faith    .    (shield currently unavailable)
rNeg    . . .      Spirit   .    R - +3 scale mail {rPois}
rPois   +          Reflect  +    Z - +2 hat
rElec   +          Harm     +    m - scarf {harm}
rCorr   .          Rampage  .    J - +2 pair of gloves "Sah Jiri" {rElec Int+4 Stlth+}
Will    .....      Clarity  +    L - +1 pair of boots "Meelapp" {rC- Will- Str+8 Slay+5}
Stlth   ++++                     N - amulet of reflection
HPRegen 0.46/turn                w - ring of the Tortoise {AC+8}
MPRegen 0.18/turn                S - ring of see invisible

@: heroic, corroded, studying Ice Magic
A: horns 2, retaliatory headbutt, clarity, dopey 1
a: Renounce Religion, Heroism


You were on level 4 of the Spider Nest.
You worshipped Okawaru.
Okawaru was most pleased with you.
You visited 5 branches of the dungeon, and saw 27 of its levels.
You visited the Abyss 2 times.
You also visited: Ossuary, Gauntlet and Ice Cave.

You collected 2994 gold pieces.
You spent 463 gold pieces at shops.

Inventory:

Hand Weapons
 a - a +3 battleaxe of flaming (weapon)
   (You took it off a wight on level 10 of the Dungeon)
 b - a +6 hand crossbow of draining
   (You bought it in a shop on level 1 of the Orcish Mines)
 B - a +2 antimagic flail
   (You took it off a gnoll on level 7 of the Dungeon)
Missiles
 q - 8 curare-tipped darts
 y - 34 boomerangs (quivered)
 z - 5 throwing nets {!f}
 O - 6 atropa-tipped darts
 U - 13 javelins
Armour
 m - a scarf of harm (worn)
   (You found it on level 1 of the Spider Nest)
 u - a scarf of resistance
   (You found it on level 5 of the Lair of Beasts)
 E - a +2 chain mail of fire resistance
   (You found it on level 2 of the Orcish Mines)
 G - a +2 pair of boots of flying
   (Okawaru gifted it to you on level 5 of the Lair of Beasts)
 J - the +2 pair of gloves "Sah Jiri" (worn) {rElec Int+4 Stlth+}
   (You found it on level 11 of the Dungeon)

   Int:       It affects your intelligence (+4).
   rElec:     It insulates you from electricity.
   Stlth:     It makes you more stealthy.
 L - the +1 pair of boots "Meelapp" (worn) {rC- Will- Str+8 Slay+5}
   (You found it in a Gauntlet)

   Str:       It affects your strength (+8).
   Slay:      It affects your accuracy & damage with ranged weapons and melee
   (+5).
   rC:        It makes you vulnerable to cold.
   Will:      It decreases your willpower.
 R - a +3 scale mail of poison resistance (worn)
   (You took it off Harold on level 9 of the Dungeon)
 Y - a +2 pair of boots of rampaging
   (You found it on level 1 of the Lair of Beasts)
 Z - a +2 hat (worn)
   (You took it off Gastronok on level 2 of the Lair of Beasts)
Jewellery
 g - a +4 ring of protection
   (You found it on level 1 of the Dungeon)
 w - the ring of the Tortoise (left hand) {AC+8}
   (You found it in a Gauntlet)

   [ring of protection]

   AC:        It affects your AC (+8).
 x - a ring of fire
   (You found it in a Gauntlet)
 C - a ring of willpower
   (You found it on level 2 of the Lair of Beasts)
 I - a ring of protection from cold
   (You found it on level 11 of the Dungeon)
 M - a ring of magical power
   (You found it on level 5 of the Lair of Beasts)
 N - an amulet of reflection (around neck)
   (You took it off an orc warrior on level 8 of the Dungeon)
 P - a ring of poison resistance
   (You found it on level 14 of the Dungeon)
 S - a ring of see invisible (right hand)
   (You found it on level 2 of the Lair of Beasts)
 W - an amulet of regeneration
   (You found it on level 1 of the Lair of Beasts)
Wands
 d - a wand of iceblast (10)
   (You found it on level 5 of the Lair of Beasts)
 f - a wand of flame (14)
   (You found it on level 4 of the Lair of Beasts)
 k - a wand of light (13)
   (You found it on level 4 of the Lair of Beasts)
 v - a wand of polymorph (18)
   (You found it on level 7 of the Dungeon)
 D - a wand of digging (5)
   (You took it off a wight on level 8 of the Dungeon)
Scrolls
 c - 4 scrolls of blinking
 h - 5 scrolls of immolation {!r}
 i - 9 scrolls of identify {@r1}
 n - 6 scrolls of silence
 t - 10 scrolls of teleportation {@r4}
 T - 2 scrolls of fog
 X - 4 scrolls of poison {!r}
Potions
 e - 3 potions of mutation {!q}
 j - 3 potions of flight
 l - 2 potions of invisibility
 o - 15 potions of curing {@q1}
 p - a potion of attraction {!q}
 s - 5 potions of might
 A - 4 potions of cancellation
 F - 2 potions of haste {@q3}
 H - 5 potions of lignification {!q}
 K - 2 potions of resistance
 V - a potion of heal wounds {@q2}
Miscellaneous
 r - a piece from Xom's chessboard (15/15)
   (You found it on level 10 of the Dungeon)
 Q - a tin of tremorstones (1/2)
   (You found it in a Gauntlet)


   Skills:
 + Level 16.3(21.3) Fighting
 - Level 20.0(25.0) Axes
 - Level 18.0(23.0) Ranged Weapons
 - Level 4.3(9.3) Throwing
 + Level 10.9(15.9) Armour
 + Level 6.7(11.7) Dodging
 + Level 5.3(10.3) Stealth
 + Level 10.2 Invocations
 - Level 8.1 Evocations


You had 16 spell levels left.
You didn't know any spells.
Your spell library contained the following spells:

 Spells                   Type           Power      Damage    Failure   Level
 Freeze                   Ice            0%         1d3       58%         1
 Necrotise                Necr           0%         1d4       58%         1
 Static Discharge         Conj/Air       0%         2-2/arc   73%         2
 Dazzling Flash           Conj/Hex       0%         N/A       91%         3
 Frozen Ramparts          Ice            0%         1d1       91%         3
 Hailstorm                Conj/Ice       0%         3d3       91%         3
 Ozocubu's Armour         Ice            0%         N/A       91%         3
 Portal Projectile        Hex/Tloc       0%         N/A       91%         3
 Spider Form              Tmut/Pois      0%         N/A       91%         3
 Vampiric Draining        Necr           0%         2d6       91%         3
 Vhi's Electric Charge    Tloc/Air       0%         N/A       91%         3
 Ice Form                 Ice/Tmut       0%         N/A       100%        4
 Iskenderun's Mystic Bla  Conj/Tloc      0%         2d3       100%        4
 Leda's Liquefaction      Hex/Erth       0%         N/A       100%        4
 Agony                    Necr           0%         N/A       100%        5
 Arcjolt                  Conj/Air       0%         1d10      100%        5
 Lightning Bolt           Conj/Air       0%         1d11      100%        5
 Starburst                Conj/Fire      0%         6d3       100%        6
 Ozocubu's Refrigeration  Ice            0%         4d7       100%        7
 Call Canine Familiar     Summ           Unusable   N/A       N/A         3
 Animate Dead             Necr           Unusable   N/A       N/A         4
 Summon Ice Beast         Ice/Summ       Unusable   N/A       N/A         4
 Simulacrum               Ice/Necr       Unusable   N/A       N/A         6

Dungeon Overview and Level Annotations

Branches:
Dungeon (15/15)            Temple (1/1) D:7            Lair (5/5) D:8
 Shoals (0/4) Lair:3       Spider (4/4) Lair:3        Slime (0/5) Lair:5
    Orc (2/2) D:10            Elf (0/3) Orc:2        Vaults (0/5) D:14
 Depths (0/4) D:15        Ossuary (visited)           IceCv (visited)
Gauntlet (visited)

Altars:
Ashenzari
Dithmenos
Elyvilon
Gozag
Hepliaklqana
Kikubaaqudgha
Makhleb
Nemelex Xobeh
Okawaru
Qazlal
Ru
Sif Muna
Uskayaw
Wu Jian
Xom
Yredelemnul
Zin
The Shining One
Jiyva

Shops:
D:4 [   Orc:1 (   Orc:2 [?[*

Annotations:
D:6 3 runed translucent doors, FakeRyeBread's ghost, novice GnWn
D:9 exclusion: orange crystal statue


Innate Abilities, Weirdness & Mutations

You have a pair of horns on your head.
You reflexively headbutt those who attack you in melee.
You possess an exceptional clarity of mind.
You are dopey. (Int -2)


Message History

You closely miss the entropy weaver. You headbutt the entropy weaver.
You hit the entropy weaver. You burn the entropy weaver.
You headbutt the entropy weaver, but do no damage.
You slash the redback! You burn the redback. The redback bites you!
The entropy weaver hits you. The entropy weaver hits you!
The entropy weaver barely misses you. The entropy weaver hits you.
You slash the entropy weaver! You burn the entropy weaver.
You barely miss the redback. The redback completely misses you.
You furiously retaliate!
You headbutt the redback, but do no damage.
The entropy weaver hits you!
* * * LOW HITPOINT WARNING * * *
The entropy weaver barely misses you. You block the entropy weaver's attack.
The entropy weaver hits you!
* * * LOW HITPOINT WARNING * * *
You gain the combat prowess of a mighty hero.
You can no longer speed up your combat.
You block the redback's attack. x2; The entropy weaver hits you.
* * * LOW HITPOINT WARNING * * *
The entropy weaver hits you!
* * * LOW HITPOINT WARNING * * *
The entropy weaver barely misses you. The entropy weaver closely misses you.
The tremorstone explodes into fragments!
The burst of rock shards engulfs the redback!
You kill the redback!
Okawaru accepts your kill.
The burst of rock shards engulfs the entropy weaver!
The burst of rock shards engulfs you!
* * * LOW HITPOINT WARNING * * *
The burst of rock shards engulfs the entropy weaver.
You hear a faint skittering sound.
The entropy weaver hits you.
* * * LOW HITPOINT WARNING * * *
The entropy weaver hits you!
* * * LOW HITPOINT WARNING * * *
The entropy weaver misses you. The entropy weaver closely misses you.
The entropy weaver completely misses you.
You furiously retaliate!
You headbutt the entropy weaver. The entropy weaver hits you.
* * * LOW HITPOINT WARNING * * *
You block the entropy weaver's attack.
The entropy weaver completely misses you.
The entropy weaver hits you but does no damage.
The entropy weaver hits you!
* * * LOW HITPOINT WARNING * * *
The entropy weaver barely misses you. You block the entropy weaver's attack.
The tremorstone explodes into fragments!
The burst of rock shards engulfs the entropy weaver! x2
The burst of rock shards engulfs you!
You die...

###################
#...........##.....
#.......#...^#...^#
#.#^..^.^..#....#..
#...#........#....B
#........BB.######^
#.BB.#......#
#.@#......#^..#
#..†.....(....#
#...#..^#.##..#
#.#.......# ..#
#.........# ..^
##.#.....^## #..
#.........#
##^†...#.....
#.#...##.....


You could see 2 entropy weavers.

Vanquished Creatures
  An ancient lich (Abyss:3)
  Nikola (Spider:3)
  A bone dragon (Arena)
  An Ice Fiend (IceCv)
  Gastronok (Lair:2)
  A tentacled starspawn (Abyss:3)
  A deep elf sorcerer (Abyss:3)
  Louise (D:14)
  Aizul (Spider:1)
  4 emperor scorpions
  A deep elf elementalist (Abyss:3)
  3 broodmothers
  The ghost of lotusamurai3 the Nimble, a journeyman TeMo of Wu Jian (Spider:1)
  A deep elf annihilator (D:11)
  A minotaur (Gauntlet)
  2 spark wasps
  5 entropy weavers
  Josephine (Spider:1)
  Erolcha (D:11)
  Harold (D:9)
  2 caustic shrike simulacra (IceCv)
  A vault guard (D:14)
  5 hydras
  3 jorogumos
  5 catoblepae
  3 ogre magi
  7 centaur warriors
  13 two-headed ogres
  4 radroaches
  8 boulder beetles
  6 death yaks (Lair:5)
  A vampire mage (Abyss:3)
  A tengu warrior (D:15)
  4 thrashing horrors (Abyss:3)
  2 wretched stars
  4 skeletal warriors (D:14)
  A fire crab (Gauntlet)
  5 steelbarb worms
  2 sun moths
  A goliath frog (Orc:2)
  5 pharaoh ants
  A sixfirhy (Abyss:3)
  3 orb spiders
  2 deep trolls (Orc:1)
  3 wizards
  2 bog bodies (IceCv)
  A phantasmal warrior (Abyss:3)
  A lindwurm (Lair:3)
  2 obsidian statues (IceCv)
  An orc knight (Orc:1)
  3 deep elf pyromancers
  2 orc sorcerers (Orc:2)
  2 necromancers
  19 wolf spiders
  6 ugly things (D:15)
  A salamander (D:15)
  An oklob plant (Lair:5)
  3 cyclopes
  2 manticores
  4 black mambas
  6 large abominations (Abyss:3)
  A moth of wrath (Spider:3)
  10 elephants
  Joseph (Lair:1)
  4 smoke demons (Abyss:3)
  2 torpor snails
  A gargoyle (D:12)
  10 cane toads
  3 rime drakes
  An unseen horror (D:11)
  4 golden dragon simulacra (IceCv)
  5 freezing wraiths (IceCv)
  8 komodo dragons
  5 demonic crawlers
  An efreet (D:15)
  A yaktaur (D:14)
  13 trolls
  A queen bee (Spider:3)
  A merfolk (D:15)
  2 hornets
  12 meliai
  17 tarantellas
  A wind drake (shapeshifter) (D:15)
  A polar bear (Lair:3)
  7 raiju
  9 blink frogs
  8 slime creatures
  A raiju (shapeshifter) (D:13)
  19 culicivoras
  23 jumping spiders
  6 wyverns
  2 vampires (Abyss:3)
  2 starcursed masses (Abyss:3)
  83 yaks
  4 fire bats (Gauntlet)
  4 wraiths
  A hog (shapeshifter) (D:15)
  A shadow (Abyss:3)
  22 humans (D:14)
  A neqoxec (Abyss:3)
  A basilisk (Lair:5)
  2 golden eyes (Abyss:3)
  5 chaos spawn
  A minotaur simulacrum (IceCv)
  56 redbacks
  A steam dragon (D:9)
  6 vampire mosquitoes
  2 swamp worms (Gauntlet)
  3 wargs
  A swamp worm (shapeshifter) (D:15)
  3 acid dragons
  3 hydra simulacra (IceCv)
  18 water moccasins
  A floating eye (shapeshifter) (D:15)
  7 black bears
  A sky beast (D:6)
  17 orc warriors
  2 ettin simulacra (IceCv)
  3 ice beasts
  17 wolves
  19 ogres
  2 centaurs
  2 phantoms
  3 kobold brigands
  15 bullfrogs
  2 scorpions
  2 gnoll sergeants
  2 necrophages
  13 wights
  2 deep troll simulacra (IceCv)
  A lindwurm simulacrum (IceCv)
  23 killer bees
  8 electric eels
  A howler monkey (D:9)
  4 small abominations (Abyss:3)
  A hound (D:5)
  3 jellies
  A human zombie (Ossuary)
  16 orc priests
  2 iron imps (Abyss:3)
  Crazy Yiuf (D:2)
  2 gnoll boudas
  An iguana (D:6)
  22 orc wizards
  3 mummies (Ossuary)
  Robin (D:1)
  17 gnolls
  6 river rats (D:6)
  9 adders
  A white imp (D:7)
  An ufetubus (Abyss:3)
  3 adder zombies (Ossuary)
  2 worms
  A dart slug (D:1)
  107 orcs
  2 bats
  5 endoplasms
  6 giant cockroaches
  9 goblins
  7 hobgoblins
  12 quokkas
  3 training dummies (Orc:1)
  3 ball pythons
  4 frilled lizards
  2 goblin zombies
  5 hobgoblin zombies (Ossuary)
  19 kobolds
  2 kobold zombies (Ossuary)
  An orc zombie (Ossuary)
  A quokka zombie (D:4)
  17 rats
  6 rat zombies
  2 starspawn tentacles (Abyss:3)
1031 creatures vanquished.

Vanquished Creatures (collateral kills)
  A frilled lizard (D:3)
1 creature vanquished.

Vanquished Creatures (others)
  67 fungi
  110 plants
  A starspawn tentacle (Abyss:3)
  A withered plant (Gauntlet)
179 creatures vanquished.

Grand Total: 1211 creatures vanquished

Notes
Turn   | Place    | Note
-------+----------+-------------------------------------------
     0 | D:1      | Pooter the Minotaur Hunter began the quest for the Orb.
     0 | D:1      | Reached XP level 1. HP: 18/18 MP: 0/0
   129 | D:1      | Reached XP level 2. HP: 25/25 MP: 1/1
   544 | D:1      | Reached skill level 5 in Ranged Weapons
   642 | D:2      | Noticed Robin
   648 | D:2      | Reached XP level 3. HP: 30/31 MP: 2/2
   653 | D:1      | Killed Robin
   889 | D:2      | Reached XP level 4. HP: 34/38 MP: 3/3
  1172 | D:2      | Found a runed translucent door.
  1173 | D:2      | Noticed Crazy Yiuf
  1265 | D:2      | Killed Crazy Yiuf
  1488 | D:2      | Upgraded the game from 0.30-a0-540-g0af01429fa to
                  | 0.30-a0-553-g7fabdf1491
  1691 | D:3      | Identified the +1 ring mail of Ximeah {Rampage}
  1757 | D:3      | Reached XP level 5. HP: 45/46 MP: 4/4
  1984 | D:3      | Reached skill level 1 in Axes
  2172 | D:3      | Found an ornate altar of the Wu Jian Council.
  2385 | D:4      | Found a sand-covered staircase.
  2400 | Ossuary  | Entered an ossuary
  2639 | Ossuary  | Reached skill level 2 in Axes
  2805 | D:4      | Reached XP level 6. HP: 53/53 MP: 5/5
  2844 | D:4      | Reached skill level 3 in Axes
  2897 | D:4      | Found Kiguusomo's Armour Shoppe.
  2991 | D:4      | Found an opulent altar of Gozag.
  3109 | D:4      | Found a shadowy altar of Dithmenos.
  3178 | D:4      | Reached skill level 5 in Fighting
  3178 | D:4      | Reached skill level 4 in Axes
  3178 | D:4      | Reached XP level 7. HP: 61/61 MP: 6/6
  3432 | D:5      | Entered Level 5 of the Dungeon
  3659 | D:5      | Reached skill level 5 in Axes
  4017 | D:5      | Found a glowing silver altar of Zin.
  4054 | D:5      | Reached XP level 8. HP: 70/70 MP: 7/7
  4240 | D:6      | Reached skill level 6 in Axes
  4439 | D:6      | Found a runed translucent gate.
  4439 | D:6      | Found a runed translucent gate.
  4439 | D:6      | Found a runed translucent gate.
  4628 | D:6      | Found a burning altar of Makhleb.
  4749 | D:6      | Reached skill level 7 in Axes
  5737 | D:6      | Noticed FakeRyeBread's ghost (novice GnWn)
  6123 | D:7      | Reached skill level 8 in Axes
  6123 | D:7      | Reached XP level 9. HP: 79/79 MP: 8/8
  6300 | D:7      | Found a staircase to the Ecumenical Temple.
  6325 | Temple   | Entered the Ecumenical Temple
  6428 | Temple   | Became a worshipper of Warmaster Okawaru
  7215 | D:7      | Reached skill level 1 in Evocations
  7217 | D:7      | Reached skill level 10 in Ranged Weapons
  7585 | D:8      | Reached skill level 9 in Axes
  7590 | D:8      | Reached * piety under Okawaru
  8422 | D:8      | Reached skill level 10 in Axes
  8422 | D:8      | Reached XP level 10. HP: 80/88 MP: 9/9
  8437 | D:8      | Reached ** piety under Okawaru
  8764 | D:8      | Found a broken altar of Ashenzari.
  8915 | D:8      | Found a staircase to the Lair.
  9886 | D:9      | Noticed Harold
  9898 | D:9      | Killed Harold
  9898 | D:9      | Reached *** piety under Okawaru
  9899 | D:9      | Reached skill level 11 in Axes
 10399 | D:9      | Gained mutation: You expend magic power (3 MP) to
                  | strengthen your wands. [potion of mutation]
 10399 | D:9      | Gained mutation: Your body sometimes deteriorates upon
                  | taking damage. [potion of mutation]
 10400 | D:9      | Lost mutation: Your body sometimes deteriorates upon taking
                  | damage. [potion of mutation]
 10400 | D:9      | Lost mutation: You expend magic power (3 MP) to strengthen
                  | your wands. [potion of mutation]
 10400 | D:9      | Gained mutation: Your mind is acute. (Int +4, Str/Dex -1)
                  | [potion of mutation]
 10400 | D:9      | Gained mutation: A frigid envelope surrounds you and
                  | freezes all who hurt you. [potion of mutation]
 10401 | D:9      | Lost mutation: A frigid envelope surrounds you and freezes
                  | all who hurt you. [potion of mutation]
 10401 | D:9      | Lost mutation: Your mind is acute. (Int +4, Str/Dex -1)
                  | [potion of mutation]
 10401 | D:9      | Gained mutation: You have an increased reservoir of magic.
                  | (+10% MP) [potion of mutation]
 10402 | D:9      | Lost mutation: You have an increased reservoir of magic.
                  | (+10% MP) [potion of mutation]
 10402 | D:9      | Gained mutation: You are dopey. (Int -2) [potion of
                  | mutation]
 10402 | D:9      | Gained mutation: You are somewhat resistant to further
                  | mutation. [potion of mutation]
 10403 | D:9      | Lost mutation: You are somewhat resistant to further
                  | mutation. [potion of mutation]
 10403 | D:9      | Lost mutation: You are dopey. (Int -2) [potion of mutation]
 10403 | D:9      | Gained mutation: You have large cloven feet. [potion of
                  | mutation]
 10403 | D:9      | Gained mutation: You are partially covered in iridescent
                  | scales. (AC +2) [potion of mutation]
 10805 | D:9      | Identified the +1 ring mail "Roolingiuk" {rCorr}
 10823 | D:9      | Noticed an orange crystal statue
 11275 | D:10     | Entered Level 10 of the Dungeon
 12568 | D:10     | Reached XP level 11. HP: 94/97 MP: 10/10
 14087 | D:10     | Found a staircase to the Orcish Mines.
 14096 | Orc:1    | Entered Level 1 of the Orcish Mines
 14180 | D:10     | Reached skill level 12 in Axes
 14988 | Orc:1    | Noticed an orc knight
 15272 | Orc:1    | Killed an orc knight
 15510 | Orc:1    | Found Jedad's Firing Range.
 15520 | Orc:1    | Bought a +0 hand crossbow for 49 gold pieces
 15599 | Orc:2    | Entered Level 2 of the Orcish Mines
 15607 | Orc:2    | Noticed an orc knight
 15796 | Orc:2    | Noticed an orc sorcerer
 15797 | Orc:2    | an orc knight changed into a tarantella
 15798 | Orc:2    | Noticed a soul eater
 15977 | Orc:2    | Killed an orc sorcerer
 15978 | Orc:2    | Reached skill level 5 in Evocations
 16075 | Orc:2    | Noticed an orc sorcerer
 16307 | Orc:2    | Noticed a sixfirhy
 16474 | Orc:2    | Killed an orc sorcerer
 16496 | Orc:2    | Noticed an orc warlord
 16504 | Orc:2    | Noticed a goliath frog
 16507 | Orc:2    | Killed a goliath frog
 16508 | Orc:2    | Reached skill level 10 in Fighting
 16512 | Orc:2    | Reached **** piety under Okawaru
 16798 | Orc:2    | Reached skill level 13 in Axes
 16801 | Orc:2    | Noticed a two-headed ogre
 16841 | Orc:1    | Killed a two-headed ogre
 17016 | Orc:2    | Noticed a two-headed ogre
 17024 | Orc:2    | Killed a two-headed ogre
 17075 | Orc:2    | Noticed a deep troll
 17075 | Orc:2    | Noticed a two-headed ogre
 17493 | Orc:2    | Reached XP level 12. HP: 107/107 MP: 11/11
 17801 | Orc:1    | Killed a two-headed ogre
 18046 | Orc:2    | Noticed a two-headed ogre
 18050 | Orc:2    | Killed a two-headed ogre
 18050 | Orc:2    | Noticed a two-headed ogre
 18096 | Orc:2    | Killed a two-headed ogre
 18126 | Orc:2    | Noticed a two-headed ogre
 18135 | Orc:2    | Killed a two-headed ogre
 18136 | Orc:2    | Reached skill level 14 in Axes
 18393 | Orc:2    | Noticed an ogre mage
 18405 | Orc:2    | Killed an ogre mage
 18581 | Orc:2    | Noticed a two-headed ogre
 18589 | Orc:2    | Killed a two-headed ogre
 19240 | Orc:2    | Found a staircase to the Elven Halls.
 19262 | Orc:2    | Found San Mealyak's Magic Scroll Boutique.
 19263 | Orc:2    | Found Orra's Assorted Antiques.
 19265 | Orc:2    | Found Qotupt's Antique Armour Emporium.
 19266 | Orc:2    | Bought a scroll of enchant weapon for 90 gold pieces
 19266 | Orc:2    | Bought a scroll of identify for 24 gold pieces
 19266 | Orc:2    | Bought a scroll of identify for 24 gold pieces
 19266 | Orc:2    | Bought a scroll of poison for 48 gold pieces
 19266 | Orc:2    | Bought a scroll of identify for 24 gold pieces
 19266 | Orc:2    | Bought a scroll of teleportation for 36 gold pieces
 19276 | Orc:2    | Bought a scroll of identify for 56 gold pieces
 19277 | Orc:2    | Noticed a two-headed ogre
 19413 | Orc:1    | Killed a two-headed ogre
 19731 | Orc:2    | Found Magon's Armour Boutique.
 19732 | Orc:2    | Noticed an ogre mage
 19736 | Orc:2    | Killed an ogre mage
 19736 | Orc:2    | Reached ***** piety under Okawaru
 19825 | Orc:2    | Bought a scroll of fog for 112 gold pieces
 20576 | Lair:1   | Entered Level 1 of the Lair of Beasts
 20811 | Lair:1   | Noticed Joseph
 20822 | Lair:1   | Killed Joseph
 20895 | Lair:1   | Reached skill level 15 in Axes
 20899 | Lair:1   | Reached skill level 15 in Ranged Weapons
 21301 | Lair:1   | Found a transporter.
 21302 | Lair:1   | Noticed a boulder beetle
 21305 | Lair:1   | Found a transporter.
 21305 | Lair:1   | Noticed a boulder beetle
 21621 | Lair:1   | Killed a boulder beetle
 21621 | Lair:1   | Identified the +6 longbow of the Equator {freeze, Drain
                  | rN+++ Dex+4} (Okawaru gifted it to you on level 1 of the
                  | Lair of Beasts)
 21621 | Lair:1   | Received a gift from Okawaru
 21622 | Lair:1   | Reached XP level 13. HP: 64/116 MP: 9/12
 21634 | Lair:1   | Reached skill level 1 in Throwing
 21634 | Lair:1   | Reached skill level 1 in Invocations
 22058 | Lair:2   | Noticed Gastronok
 22079 | Lair:2   | Killed Gastronok
 22619 | Lair:3   | Found a gate leading to a gauntlet.
 22638 | Lair:3   | Found a hole to the Spider Nest.
 22684 | Gauntlet | Entered a Gauntlet
 22684 | Gauntlet | Found a transporter.
 22699 | Gauntlet | Found a transporter.
 22699 | Gauntlet | Found a transporter.
 22700 | Gauntlet | Found a transporter.
 22735 | Gauntlet | Found a transporter.
 22735 | Gauntlet | Found a transporter.
 22751 | Gauntlet | Found a transporter.
 22753 | Gauntlet | Identified the +1 pair of boots "Meelapp" {rC- Will- Str+8
                  | Slay+5}
 22782 | Gauntlet | Found a transporter.
 22791 | Gauntlet | Found a transporter.
 22796 | Gauntlet | Found a transporter.
 22808 | Gauntlet | Found a transporter.
 22808 | Gauntlet | Found a transporter.
 22808 | Gauntlet | Found a transporter.
 22896 | Gauntlet | Found a transporter.
 22897 | Gauntlet | Found the ring of the Tortoise {AC+8}
 22994 | Gauntlet | Identified the ring of Gakabol {rF- rC+ EV+4 Stlth+}
 22994 | Gauntlet | Noticed a minotaur
 23002 | Gauntlet | Killed a minotaur
 23071 | Lair:3   | Found a staircase to the Shoals.
 23092 | Lair:3   | Reached skill level 16 in Axes
 24160 | Lair:4   | Reached XP level 14. HP: 127/127 MP: 12/15
 24641 | Lair:5   | Entered Level 5 of the Lair of Beasts
 25161 | Lair:5   | Reached skill level 1 in Armour
 25215 | Lair:5   | Received a gift from Okawaru
 25304 | Lair:5   | Reached skill level 17 in Axes
 25385 | Lair:5   | Found a viscous altar of Jiyva.
 25386 | Lair:5   | Found a staircase to the Slime Pits.
 25476 | Lair:5   | Received a gift from Okawaru
 25479 | Lair:5   | Reached skill level 5 in Invocations
 26298 | D:11     | Noticed Erolcha
 26315 | D:11     | Killed Erolcha
 26339 | D:11     | Got the Verses on Bloody Blight
 26755 | Abyss:2  | Cast into level 2 of the Abyss (a wizard)
 26925 | Abyss:3  | Noticed a deep elf sorcerer
 26935 | Abyss:3  | Killed a deep elf sorcerer
 26970 | Abyss:3  | Noticed a starcursed mass
 27065 | Abyss:3  | Reached XP level 15. HP: 35/136 MP: 18/18
 27083 | Abyss:3  | Noticed a tentacled starspawn
 27089 | Abyss:3  | Killed a tentacled starspawn
 27095 | Abyss:3  | HP: 3/136 [thrashing horror (7)]
 27101 | D:11     | Escaped the Abyss
 27534 | D:11     | Identified the +2 pair of gloves "Sah Jiri" {rElec Int+4
                  | Stlth+}
 29150 | D:12     | Reached skill level 18 in Axes
 29387 | D:13     | Received a gift from Okawaru
 29915 | D:13     | Reached skill level 5 in Armour
 30591 | D:14     | Found a frozen archway.
 30600 | IceCv    | Entered an ice cave
 32021 | IceCv    | Noticed an Ice Fiend
 32029 | IceCv    | Killed an Ice Fiend
 32353 | D:14     | Noticed Louise
 32464 | D:14     | Killed Louise
 32786 | D:14     | Found a gate to the Vaults.
 32949 | Abyss:3  | Noticed a bone dragon
 32949 | Abyss:3  | Cast into level 3 of the Abyss (a wizard)
 32951 | Arena    | Entered the Arena
 32962 | Arena    | Killed a bone dragon
 32963 | Arena    | Reached skill level 19 in Axes
 33014 | Abyss:3  | Noticed an ancient lich
 33025 | Abyss:3  | Killed an ancient lich
 33096 | Abyss:3  | Reached XP level 16. HP: 58/147 MP: 17/20
 33214 | Abyss:3  | Noticed a tentacled starspawn
 33218 | Abyss:3  | Found a corrupted altar of Lugonu.
 33309 | D:14     | Escaped the Abyss
 33876 | D:15     | Entered Level 15 of the Dungeon
 33971 | D:15     | Found an iron altar of Okawaru.
 34544 | D:15     | Found a staircase to the Depths.
 35492 | Spider:1 | Entered Level 1 of the Spider Nest
 35533 | Spider:1 | Reached skill level 20 in Axes
 35598 | Spider:1 | Reached skill level 15 in Fighting
 35598 | Spider:1 | Reached skill level 1 in Stealth
 36739 | Spider:1 | Lost mutation: You have large cloven feet. [potion of
                  | mutation]
 36739 | Spider:1 | Lost mutation: You are partially covered in iridescent
                  | scales. (AC +2) [potion of mutation]
 36739 | Spider:1 | Gained mutation: Your spells are a little harder to cast,
                  | but a little more powerful. [potion of mutation]
 36739 | Spider:1 | Lost mutation: Your spells are a little harder to cast, but
                  | a little more powerful. [potion of mutation]
 36739 | Spider:1 | Gained mutation: You are agile. (Dex +4, Str/Int -1)
                  | [potion of mutation]
 36740 | Spider:1 | Lost mutation: You are agile. (Dex +4, Str/Int -1) [potion
                  | of mutation]
 36740 | Spider:1 | Gained mutation: You are dopey. (Int -2) [potion of
                  | mutation]
 36740 | Spider:1 | Gained mutation: You possess an exceptional clarity of
                  | mind. [potion of mutation]
 36846 | Spider:1 | Received a gift from Okawaru
 37148 | Spider:1 | Noticed Josephine
 37156 | Spider:1 | Killed Josephine
 37595 | Spider:1 | Received a gift from Okawaru
 37629 | Spider:1 | Noticed Aizul
 37639 | Spider:1 | Killed Aizul
 37901 | Spider:1 | Found a runed translucent door.
 37902 | Spider:1 | Noticed lotusamurai3's ghost (journeyman TeMo)
 37912 | Spider:1 | Killed lotusamurai3's ghost
 37965 | Spider:1 | Identified the +4 leather armour "Ojuz" {rPois}
 39293 | Spider:2 | Received a gift from Okawaru
 41765 | Spider:2 | Received a gift from Okawaru
 42233 | Spider:2 | Reached XP level 17. HP: 157/157 MP: 21/23
 42292 | Spider:2 | Reached skill level 5 in Dodging
 43890 | Spider:3 | Reached skill level 10 in Armour
 43969 | Spider:3 | Paralysed by a jorogumo for 2 turns
 44943 | Spider:3 | Reached skill level 10 in Invocations
 44948 | Spider:3 | Reached skill level 5 in Stealth
 44959 | Spider:3 | Noticed Nikola
 44969 | Spider:3 | Killed Nikola
 45576 | Spider:4 | Entered Level 4 of the Spider Nest
 45577 | Spider:4 | Upgraded the game from 0.30-a0-553-g7fabdf1491 to
                  | 0.30-a0-557-ge2afbf3030
 47112 | Spider:4 | HP: 5/159 [entropy weaver (12)]
 47113 | Spider:4 | Killed themself with a badly aimed burst of rock shards

Illustrated notes

Levels and vault maps discovered:
D:1:      amcnicky_arrival_gap_in_the_tavern_cellar, layout_loops_ring,
          minmay_cupped
D:2:      layout_rooms, uniq_robin, uniq_crazy_yiuf_cottage
D:3:      minmay_general_purpose_star, layout_loops_ring,
          nzn_wu_jian_contemplation
D:4:      layout_basic, mainiacjoe_overflow_swirl, serial_shops,
          nicolae_shop_behind_doors, enter_ossuary_4
D:5:      layout_basic, zin_academy, minmay_misc_feat_rows
D:6:      lemuel_ratsnest, layout_basic, bloody_makhleb, gammafunk_ghost_icy
D:7:      layout_loops_cross, minmay_temple_entry_sparse_star
D:8:      layout_basic, nicolae_ashenzari_skybound, due_lair_maze_entry_diamond,
          kennysheep_kite_vault
D:9:      layout_long_grid, minmay_protected_statue, uniq_harold
D:10:     layout_stronghold, hiddenorc1_lemuel
D:11:     cheibrodos_wizards_tower, layout_stronghold, uniq_erolcha
D:12:     layout_cross, minivault_22
D:13:     layout_layer_cave
D:14:     layout_stronghold, grunt_vaults_entry_tiered, nrook_pool_corridor,
          portal_ice_cave_entry_pillars_four, uniq_louise
D:15:     hangedman_depths_entry_try_elsewhere_first, layout_loops_corners,
          okawaru_metal_pillars_3
Temple:   regret_index_temple_sphere_string
Lair:1:   gammafunk_boulding_lane, layout_long_grid, uniq_joseph
Lair:2:   layout_loops_ring, serial_bayou_lagoon_b, grunt_megastairs_5,
          infiniplex_staircase_pool_2, serial_bayou_shore_a, uniq_gastronok
Lair:3:   layout_big_grid, shoals_dummy_entry, dummy_spider_entry,
          gauntlet_entry_generic, pdpol_lair_cavern_descent
Lair:4:   layout_roguey, grunt_megastairs_4, serial_bayou_shore_b,
          infiniplex_staircase_pool, lemuel_fruit_fields
Lair:5:   evilmike_catoblepas_cave, layout_gridlike, dpeg_slime_entry_corner,
          minmay_lair_oklob_items, grunt_megastairs_3, lemuel_fruit_tree
Spider:1: layout_spider_delve, ebering_ghost_reflecting_pool, uniq_aizul,
          uniq_josephine
Spider:2: layout_cave_pods, nicolae_spider_cling_halls
Spider:3: layout_spider_delve, nicolae_looking_at_the_future, uniq_nikola
Spider:4: guppyfry_spider_rune, nicolae_spider_not_touching_you
Orc:1:    layout_diamond_mine, nicolae_shop_firing_range
Orc:2:    st_orc_open, layout_diamond_mine, abandoned_shop

Skill      XL: |  1  2  3  4  5  6  7  8  9 10 11 12 13 14 15 16 17 |
---------------+----------------------------------------------------+-----
Fighting       | 3 4 5 7 8 9 10 11 12 13 14 15 16 | 16.3
Ranged Weapons | 5 6 7 8 9 11 12 13 15 16 17 18 | 18.0
Axes           | 2 4 5 8 10 11 13 15 16 17 19 20 | 20.0
Evocations     | 2 4 5 7 8 |  8.1
Throwing       | 3 4 |  4.3
Invocations    | 3 5 7 9 10 | 10.2
Armour         | 4 7 9 10 | 10.9
Stealth        | 3 5 |  5.3
Dodging        | 4 6 |  6.7

Action                   |  1- 3 |  4- 6 |  7- 9 | 10-12 | 13-15 | 16-18 || total
-------------------------+-------+-------+-------+-------+-------+-------++-------
Melee: Short sword       |     3 |       |       |       |       |       ||     3
       Club              |    11 |    21 |       |       |       |       ||    32
       Headbutt          |     2 |    26 |    45 |    80 |   151 |    67 ||   371
       Quarterstaff      |       |     9 |       |       |       |       ||     9
       War axe           |       |    76 |    29 |       |       |       ||   105
       Punch             |       |     1 |     4 |       |       |       ||     5
       Broad axe         |       |       |   176 |    30 |       |       ||   206
       Flail             |       |       |     4 |       |       |       ||     4
       Battleaxe         |       |       |       |   315 |   581 |   262 ||  1158
       Kick              |       |       |       |    81 |     3 |       ||    84
       Dire flail        |       |       |       |       |     9 |       ||     9
 Fire: Shortbow          |    71 |   120 |   181 |   176 |       |       ||   548
       Hand crossbow     |       |       |       |   210 |   406 |   406 ||  1022
Throw: Stone             |     1 |       |     2 |       |       |       ||     3
       Boomerang         |       |       |     4 |     4 |    12 |    10 ||    30
       Dart              |       |       |       |       |    10 |       ||    10
       Throwing net      |       |       |       |       |     1 |       ||     1
Invok: Heroism           |       |       |     1 |    27 |    39 |    19 ||    86
       Finesse           |       |       |       |       |     4 |     6 ||    10
       Duel              |       |       |       |       |     1 |       ||     1
Evoke: Wand              |       |       |     9 |     7 |     8 |     2 ||    26
       Piece from Xom's  |       |       |       |    12 |     5 |     2 ||    19
       Tin of tremorston |       |       |       |       |     3 |     3 ||     6
  Use: Scroll            |     3 |     4 |     4 |    18 |    15 |     7 ||    51
       Potion            |       |       |     3 |     8 |     7 |     3 ||    21
 Stab: Petrified         |       |       |       |       |     9 |       ||     9
       Held in net/web   |       |       |       |       |     1 |       ||     1
       Confused          |       |       |       |       |     3 |       ||     3
       Paralysed         |       |       |       |       |     3 |       ||     3
Armor: Leather armour    |     5 |       |       |       |       |       ||     5
       Chain mail        |    14 |    20 |       |       |    29 |    35 ||    98
       Ring mail         |       |    50 |   130 |   101 |       |       ||   281
       Scale mail        |       |       |       |   100 |   247 |   158 ||   505
Dodge: Dodged            |    21 |    59 |   181 |   250 |   311 |   177 ||   999
Block: Other             |       |       |       |    86 |    51 |    65 ||   202
       Reflection        |       |       |       |     4 |     2 |     4 ||    10

Table legend: (Time is in decaauts)
 A = Elapsed time spent in this place.
 B = Non-inter-level travel time spent in this place.
 C = Inter-level travel time spent in this place.
 D = Time resting spent in this place.
 E = Time spent auto-exploring this place.
 F = Levels seen in this place.
 G = Mean time per level.
                   A        B        C        D        E       F      G
               +--------+--------+--------+--------+--------+-----+--------+
         Total |  47121 |  45752 |   1369 |  22145 |  16098 |  35 | 1346.3 |
       Dungeon |  21446 |  20606 |    840 |   7697 |   9763 |  15 | 1429.7 |
        Temple |    116 |    104 |     12 |      0 |     86 |   1 |  116.0 |
          Lair |   5350 |   5053 |    297 |    614 |   3294 |   5 | 1070.0 |
   Spider Nest |  11557 |  11464 |     93 |   8292 |   2245 |   4 | 2889.2 |
  Orcish Mines |   5651 |   5526 |    125 |   3737 |    647 |   2 | 2825.5 |
         Abyss |    627 |    627 |      0 |    261 |      0 |   4 |  156.8 |
       Ossuary |    411 |    411 |      0 |    213 |      1 |   1 |  411.0 |
      Ice Cave |   1612 |   1612 |      0 |   1257 |     62 |   1 | 1612.0 |
      Gauntlet |    319 |    319 |      0 |     52 |      0 |   1 |  319.0 |
         Arena |     28 |     28 |      0 |     20 |      0 |   1 |   28.0 |
               +--------+--------+--------+--------+--------+-----+--------+

Top non-repeatable levels by time:
Spider:2: 5781 daAuts
    D:10: 3535 daAuts
   Orc:2: 3057 daAuts
     D:8: 2620 daAuts
   Orc:1: 2594 daAuts
Spider:1: 2494 daAuts
    D:11: 1930 daAuts
     D:9: 1790 daAuts
     D:6: 1768 daAuts
Spider:3: 1755 daAuts
   IceCv: 1612 daAuts
    D:14: 1548 daAuts
Spider:4: 1526 daAuts
     D:7: 1479 daAuts
  Lair:5: 1335 daAuts
